 Dungeon Crawl Stone Soup version 0.29.0-11-gd7f09526c8 (webtiles) character file.

Game seed: 14676903696717110686

168348 Persephone the Slayer (level 17, -5/179 HPs)
             Began as a Hill Orc Monk on Sept 5, 2022.
             Was the Champion of Beogh.
             Slain by Gorbash the orc knight
             ... wielding the +8 Wrath of Trog {antimagic, *Rage Rampage}
              (37 damage)
             ... on level 4 of the Spider Nest.
             The game lasted 01:20:50 (29679 turns).

Persephone the Slayer (Hill Orc Monk)              Turns: 29679, Time: 01:20:50

Health: -5/179     AC: 22    Str: 18    XL:     17   Next: 64%
Magic:  16/31      EV: 11    Int: 10    God:    Beogh [******]
Gold:   2677       SH:  0    Dex: 13    Spells: 16/16 levels left

rFire   . . .      SeeInvis +   b - +5 battleaxe "Hesirhes" {vorpal, Will+++}
rCold   + + .      Faith    .   (shield currently unavailable)
rNeg    . . .      Spirit   .   Y - +6 ring mail of Tenacity {rC+ Will++ Str-4}
rPois   +          Reflect  .   y - +1 helmet {SInv}
rElec   +          Harm     .   M - +0 cloak "Beidyb" {rElec rCorr}
rCorr   +          Rampage  .   F - +0 pair of gloves
Will    +++++                   K - +0 pair of boots
Stlth   +.........              J - amulet of regeneration
HPRegen 1.19/turn               x - ring "Mame" {rC+ Slay+6}
MPRegen 0.22/turn               T - ring of poison resistance

@: slightly contaminated
A: walk on water
}: 1/15 runes: decaying
a: Renounce Religion, Smiting, Recall Orcish Followers, Give Item to Named
Follower, Resurrection


You were on level 4 of the Spider Nest.
You worshipped Beogh.
Beogh was exalted by your worship.
You visited 5 branches of the dungeon, and saw 30 of its levels.
You also visited: Sewer and Bailey.

You collected 2877 gold pieces.
You spent 200 gold pieces at shops.

Inventory:

Hand Weapons
 a - a +1 hand axe of flaming
 b - the +5 battleaxe "Hesirhes" (weapon) {vorpal, Will+++}
   (You acquired it on level 6 of the Dungeon)

   It inflicts extra damage upon your enemies.
   Will:      It greatly increases your willpower.
 u - a +2 war axe of holy wrath
 I - the +5 morningstar of Sigap {flame, +Blink rN++ Will+ Dex-4}
   (You found it on level 12 of the Dungeon)

   It burns those it strikes, dealing additional fire damage.
   Dex:       It affects your dexterity (-4).
   rN:        It greatly protects you from negative energy.
   +Blink:    It lets you blink.
   Will:      It increases your willpower.
 S - the +2 hand crossbow of Epex {flame, +Blink Str+4 SInv}
   (You found it on level 3 of the Swamp)

   Any ammunition fired from it burns those it strikes, dealing additional fire
   damage.
   Str:       It affects your strength (+4).
   SInv:      It lets you see invisible.
   +Blink:    It lets you blink.
Missiles
 v - 19 javelins
 z - 3 throwing nets
Armour
 p - the +3 ring mail of Qiatih {rC++ Will- Regen+ Int+2}
   (You found it on level 4 of the Dungeon)

   Int:       It affects your intelligence (+2).
   rC:        It greatly protects you from cold.
   Regen:     It increases your rate of health regeneration.
   Will:      It decreases your willpower.
 y - a +1 helmet of see invisible (worn)
 F - a +0 pair of gloves (worn)
 K - a +0 pair of boots (worn)
 M - the +0 cloak "Beidyb" (worn) {rElec rCorr}
   (You found it on level 2 of the Lair of Beasts)

   rElec:     It insulates you from electricity.
   rCorr:     It protects you from acid and corrosion.
 R - a +2 plate armour of willpower
 Y - the +6 ring mail of Tenacity (worn) {rC+ Will++ Str-4}
   (You found it on level 12 of the Dungeon)

   Str:       It affects your strength (-4).
   rC:        It protects you from cold.
   Will:      It greatly increases your willpower.
Jewellery
 h - a ring of see invisible
 q - a ring of willpower
 r - an amulet of reflection
 x - the ring "Mame" (left hand) {rC+ Slay+6}
   (You acquired it on level 4 of the Swamp)

   [ring of protection from cold]

   Slay:      It affects your accuracy & damage with ranged weapons and melee
   (+6).
   rC:        It protects you from cold.
 J - an amulet of regeneration (around neck)
 T - a ring of poison resistance (right hand)
 V - a ring of willpower
 Z - a ring of positive energy
Wands
 e - a wand of charming (6)
 t - a wand of light (32)
 G - a wand of digging (19)
 H - a wand of roots (23)
 O - a wand of mindburst (4)
 Q - a wand of polymorph (5)
Scrolls
 g - 13 scrolls of teleportation
 j - a scroll of brand weapon
 m - 5 scrolls of enchant weapon
 o - 18 scrolls of identify
 w - 2 scrolls of magic mapping
 A - 2 scrolls of amnesia
 D - 3 scrolls of fear
 P - 2 scrolls of butterflies
 U - 4 scrolls of enchant armour
 W - a scroll of blinking
 X - a scroll of summoning {unknown}
Potions
 c - 17 potions of ambrosia
 d - 5 potions of lignification
 f - 2 potions of brilliance
 i - 11 potions of curing
 k - 4 potions of flight
 l - 4 potions of mutation
 n - 3 potions of cancellation
 s - 2 potions of berserk rage
 B - 4 potions of heal wounds
 C - 5 potions of might
 E - 2 potions of invisibility
 L - a potion of resistance
 N - 5 potions of haste


   Skills:
 + Level 23.0 Fighting
 - Level 20.0 Axes
 + Level 15.7 Armour
 - Level 2.4 Dodging
 - Level 1.5 Stealth
 + Level 20.0 Invocations


You had 16 spell levels left.
You didn't know any spells.
Your spell library contained the following spells:

 Spells                   Type           Power      Damage    Failure   Level
 Ensorcelled Hibernation  Hex/Ice        0%         N/A       63%         2
 Passwall                 Tmut/Erth      0%         N/A       63%         2
 Static Discharge         Conj/Air       0%         3-3/arc   63%         2
 Frozen Ramparts          Ice            0%         1d1       86%         3
 Summon Guardian Golem    Hex/Summ       0%         N/A       86%         3
 Swiftness                Air            0%         N/A       86%         3
 Animate Dead             Necr           0%         N/A       99%         4
 Cause Fear               Hex            0%         N/A       99%         4
 Corpse Rot               Necr/Pois/Air  0%         N/A       99%         4
 Dispel Undead            Necr           0%         3d6       99%         4
 Hailstorm                Conj/Ice       0%         3d3       99%         4
 Ice Form                 Ice/Tmut       0%         N/A       99%         4
 Sticky Flame             Conj/Fire      0%         2d3       99%         4
 Summon Ice Beast         Ice/Summ       0%         N/A       99%         4
 Alistair's Intoxication  Tmut/Pois      0%         N/A       100%        5
 Borgnjor's Vile Clutch   Necr/Erth      0%         N/A       100%        5
 Death Channel            Necr           0%         N/A       100%        6
 Dispersal                Tloc           0%         N/A       100%        6
 Eringya's Noxious Bog    Tmut/Pois      0%         N/A       100%        6
 Simulacrum               Ice/Necr       0%         N/A       100%        6
 Dragon Form              Tmut           0%         N/A       100%        7
 Orb of Destruction       Conj           0%         9d5       100%        7
 Spellforged Servitor     Conj/Summ      0%         N/A       100%        7
 Disjunction              Tloc           0%         N/A       100%        8
 Dragon's Call            Summ           0%         N/A       100%        9


Dungeon Overview and Level Annotations

Branches:
Dungeon (15/15)            Temple (0/1) D:6            Lair (5/5) D:10
  Swamp (4/4) Lair:3       Spider (4/4) Lair:3        Slime (0/5) Lair:5
    Orc (2/2) D:10            Elf (0/3) Orc:2        Vaults (0/5) D:14
  Sewer (visited)          Bailey (visited)
 Depths: D:15

Altars:
Dithmenos
Gozag
Kikubaaqudgha
Makhleb
Nemelex Xobeh
Okawaru
Sif Muna
Trog
Xom
Zin
The Shining One
Beogh
Jiyva
Lugonu

Shops:
D:2 (   D:9 [   Orc:2 :=(

Portals:
Abyss: Swamp:2

Annotations:
D:9 3 runed translucent doors, Strat's ghost, novice FoCA
D:12 3 runed translucent doors
Lair:2 3 runed translucent doors, Strat's ghost, journeyman DECj
Lair:4 3 runed translucent doors, exclusion: oklob plant, Kyusiynim's ghost, journeyman GnEn
Lair:5 1 runed translucent door, exclusion: oklob plant, Monkooky's ghost, journeyman DrVM
Swamp:2 Roxanne


Message History

The radroach erupts in a fountain of uncontrolled magic!
Morguth is blasted with magical radiation!!!
Morguth twists and deforms.
Thorok is blasted with magical radiation!!!
Thorok twists and deforms.
The torpor snail is blasted with magical radiation!!
The torpor snail twists and deforms.
You are blasted with magical radiation!!
* * * LOW HITPOINT WARNING * * *
You are lightly contaminated with residual magic.
Agrik is blasted with magical radiation!!!
Agrik twists and deforms.
Gorbash unwields a +0 arbalest.
Gorbash wields the +1 lajatang "Reng" {flame, Dex+2}.
It bursts into flame!
Gorbash hits the torpor snail with the +1 lajatang "Reng" {flame, Dex+2}!!!
Gorbash burns the torpor snail!
The torpor snail dies!
Beogh accepts your kill.
Morguth hits the radroach but does no damage.
Agrik hits the radroach with the +6 trident of Keeping Quick Death {flame, rC+ Str+4}!!
Agrik burns the radroach.
Aiming: Smiting
Press: ? - help, Dir - move target, f - radroach Smite: a radroach (almost dead, not watching you, ally target)
You smite the radroach!!!
You kill the radroach!
Beogh accepts your kill.
You feel yourself speed up.
Morguth is no longer moving slowly.
Gorbash is no longer moving slowly.
Agrik is no longer moving slowly.
Thorok is no longer moving slowly.
Gorbash is no longer moving slowly.
Gorbash hits you with the +8 Wrath of Trog {antimagic, *Rage Rampage}!!
* * * LOW HITPOINT WARNING * * *
You feel your power leaking away.
Gorbash hits itself with the +8 Wrath of Trog {antimagic, *Rage Rampage}!!
There is a stone staircase leading up here.
Agrik no longer looks unusually strong.
Thorok seems less confused.
Gorbash hits you with the +8 Wrath of Trog {antimagic, *Rage Rampage}!!!
You die...
Beogh appreciates Gorbash's killing of a heretic priest.

....## .#....^
.. ....... ##
##.. .......
^##.... .......
.....^. .......
.......
.......#.†.....
......o@o......
#.....ooo†#....
.......†#.# .
.#.^......#
#.#..#^....
##.........^
#........^..
#............
##.........^.


You could see the friendly Gorbash the orc warlord (strong), the friendly
Morguth the orc warlord (strong, misshapen), the friendly Thorok the orc warlord
(strong, misshapen), the friendly Agrik the orc knight (misshapen) and the
friendly Gorbash the orc knight (berserk, strong, confused).

Vanquished Creatures
  Rupert (D:14)
  Frances (Swamp:1)
  A tengu reaver (D:12)
  Kirke (Swamp:3)
  A fenstrider witch (Swamp:2)
  An emperor scorpion (Spider:3)
  A ghost moth (Spider:2)
  Azrael (Spider:1)
  5 eleionomae
  3 spark wasps
  Josephine (Lair:3)
  A shambling mangrove (Swamp:4)
  A spriggan air mage (Swamp:3)
  8 hydras
  A boulder beetle (D:11)
  2 ogre magi (Orc:2)
  2 centaur warriors (D:14)
  2 radroaches
  Erica (D:9)
  4 two-headed ogres
  A merfolk avatar (Lair:5)
  2 jorogumos (Spider:2)
  2 tengu warriors
  5 alligators
  2 spriggan berserkers (Swamp:4)
  Sonja (D:11)
  5 spriggans
  A soul eater (D:15)
  A pharaoh ant (Spider:3)
  Lodul (D:13)
  3 goliath frogs
  A deep troll (Orc:2)
  A sea snake (Lair:5)
  5 bog bodies
  7 swamp dragons
  A harpy (Lair:5)
  2 spriggan druids (Swamp:1)
  2 orb spiders (Spider:3)
  3 lindwurms (Lair:5)
  3 deep elf pyromancers
  8 wolf spiders
  5 cyclopes
  4 ugly things
  2 manticores
  A will-o-the-wisp (Swamp:3)
  5 elephants
  Joseph (D:7)
  2 black mambas
  2 gargoyles
  2 rust devils (D:15)
  9 cane toads
  2 torpor snails
  A rime drake (Lair:3)
  5 unseen horrors
  A kobold demonologist (D:12)
  3 demonic crawlers
  6 komodo dragons
  2 ice devils (D:15)
  A tengu conjurer (D:14)
  A freezing wraith (D:14)
  5 trolls
  6 hornets
  3 meliai
  Prince Ribbit (D:8)
  2 blink frogs
  8 dream sheep
  4 tarantellas
  4 tyrant leeches
  3 slime creatures
  5 jumping spiders
  7 culicivoras
  A water elemental (D:12)
  A shadow (D:12)
  2 wyverns
  A culicivora (shapeshifter) (D:14)
  8 yaks
  4 wraiths
  A hog (Swamp:3)
  7 vampire mosquitoes
  3 steam dragons
  2 fire elementals (Spider:1)
  Grum (D:9)
  15 redbacks
  5 acid dragons
  9 swamp worms
  2 wargs
  A floating eye (Orc:1)
  6 water moccasins
  A floating eye (shapeshifter) (D:8)
  A hell hound (Spider:1)
  3 sky beasts
  Duvessa (D:5)
  6 orc warriors
  2 swamp drakes (Swamp:4)
  3 black bears
  A boggart (D:14)
  6 wolves
  5 centaurs
  9 ogres
  2 phantoms
  7 kobold brigands
  2 necrophages
  5 bullfrogs
  A gnoll sergeant (D:11)
  2 scorpions
  Dowan (D:5)
  6 wights
  23 killer bees
  A lava snake (D:9)
  3 orc priests
  3 hounds (D:6)
  A jelly (D:6)
  Crazy Yiuf (D:4)
  Terence (D:3)
  3 iguanas (D:6)
  9 orc wizards
  5 gnolls
  6 adders
  A river rat (Sewer)
  2 shadow imps
  2 white imps
  A worm (D:2)
  17 orcs
  7 ball pythons
  8 endoplasms
  2 giant cockroaches (D:1)
  11 goblins
  6 hobgoblins
  7 jackals
  4 quokkas
  2 bats
  A frilled lizard (D:3)
  32 kobolds
  7 rats
498 creatures vanquished.

Vanquished Creatures (collateral kills)
  A thorn hunter (Swamp:3)
  A fire giant (D:12)
  2 ghost moths (Spider:2)
  A broodmother (Spider:1)
  A stone giant (D:12)
  A spark wasp (Spider:3)
  7 eleionomae
  A dire elephant (Lair:5)
  An entropy weaver (Spider:1)
  2 bunyips
  Snorg (D:12)
  An ettin (Orc:2)
  A yaktaur captain (D:12)
  A fire dragon (D:14)
  Harold (D:9)
  An ogre mage (Orc:1)
  A vault guard (D:14)
  19 hydras
  A ghost crab (Swamp:1)
  A radroach (Spider:1)
  4 boulder beetles
  4 alligators
  3 centaur warriors
  7 two-headed ogres (Orc:2)
  2 tengu warriors (D:8)
  A spriggan berserker (Swamp:3)
  Urug (Lair:2)
  A soul eater (D:15)
  9 spriggans
  A sixfirhy (D:15)
  A pharaoh ant (Spider:2)
  A deep troll (Orc:2)
  A goliath frog (Swamp:4)
  A wizard (D:11)
  7 swamp dragons
  2 spriggan druids
  A lindwurm (Lair:4)
  5 steelbarb worms
  4 bog bodies (Swamp:4)
  A harpy (Lair:5)
  21 ugly things
  An orc knight (Orc:1)
  An orc sorcerer (Orc:2)
  2 deep elf pyromancers
  5 wolf spiders
  5 cyclopes
  2 oklob plants
  A will-o-the-wisp (Swamp:4)
  3 manticores
  A moth of wrath (Spider:1)
  9 elephants
  Maurice (D:12)
  2 black mambas
  2 torpor snails
  5 cane toads
  2 demonic crawlers (Spider:2)
  A gargoyle (D:14)
  An unseen horror (D:13)
  A rime drake (Lair:4)
  2 tengu conjurers
  4 komodo dragons
  7 polar bears
  13 trolls
  8 meliai
  A queen bee (Lair:2)
  9 hornets
  6 slime creatures
  6 tyrant leeches
  6 blink frogs
  A snapping turtle (Lair:5)
  16 tarantellas
  13 dream sheep
  2 wraiths
  A culicivora (shapeshifter) (D:14)
  2 water elementals (D:12)
  A hog (Swamp:3)
  7 culicivoras
  A human (shapeshifter) (D:13)
  9 jumping spiders
  18 yaks
  2 wyverns
  A vampire mosquito (D:13)
  A steam dragon (Lair:5)
  3 basilisks
  11 redbacks
  2 wargs (Orc:2)
  9 swamp worms
  An acid dragon (D:9)
  A hell hound (Spider:1)
  7 water moccasins
  A floating eye (Orc:1)
  10 orc warriors
  10 swamp drakes
  22 ogres
  7 centaurs
  A wolf (Lair:4)
  2 kobold brigands
  4 bullfrogs
  5 wights
  9 killer bees (Lair:2)
  3 electric eels
  A jelly (D:6)
  An orc priest (Orc:1)
  7 orc wizards
  3 gnolls (D:11)
  A shadow imp (D:6)
  16 orcs
  6 kobolds
  A briar patch (Swamp:3)
  A bush (Lair:2)
  A butterfly (Lair:2)
  A lurking horror (Swamp:2)
  A plant (Lair:2)
454 creatures vanquished.

Vanquished Creatures (others)
  An orc high priest (D:12)
  Nergalle (Lair:1)
  3 orc knights
  2 orc sorcerers
  3 bloated husks
  12 orc warriors
  A human (D:10)
  9 orc priests
  7 orc wizards
  59 orcs
  3 jackals (D:3)
  5 foxfires
  24 fungi
  40 plants
170 creatures vanquished.

Grand Total: 1122 creatures vanquished

Notes
Turn   | Place    | Note
-------+----------+-------------------------------------------
     0 | D:1      | Persephone the Hill Orc Monk began the quest for the Orb.
     0 | D:1      | Reached XP level 1. HP: 19/19 MP: 1/1
   187 | D:1      | Reached XP level 2. HP: 17/27 MP: 2/2
   584 | D:1      | Reached skill level 4 in Fighting
  1378 | D:2      | Reached skill level 5 in Axes
  1379 | D:2      | Reached XP level 3. HP: 33/33 MP: 3/3
  1795 | D:2      | Found Rintex's Antique Weapon Shoppe.
  1867 | D:2      | Found a faded altar of an unknown god.
  2199 | D:2      | Found a bloodstained altar of Trog.
  2715 | D:3      | Noticed a necrophage
  2746 | D:3      | Identified the +4 hand axe of the Spectre {flame, Drain
                  | rElec Str-4 Dex+8}
  2754 | D:3      | Became a worshipper of Beogh the Brigand
  2754 | D:3      | Reached * piety under Beogh
  2754 | D:3      | Reached ** piety under Beogh
  2777 | D:3      | Reached XP level 4. HP: 20/41 MP: 4/4
  3211 | D:3      | Noticed Terence
  3220 | D:3      | Killed Terence
  3221 | D:3      | Reached XP level 5. HP: 44/47 MP: 5/5
  3709 | D:3      | Reached skill level 5 in Fighting
  4293 | D:4      | Identified the +3 ring mail of Qiatih {rC++ Will- Regen+
                  | Int+2}
  4298 | D:4      | You fall into a shaft and drop 3 floors!
  4305 | D:6      | Noticed a phantom
  4309 | D:6      | Killed a phantom
  4310 | D:6      | Reached XP level 6. HP: 56/56 MP: 6/6
  4337 | D:5      | Entered Level 5 of the Dungeon
  4393 | D:5      | Reached skill level 6 in Fighting
  4393 | D:5      | Reached XP level 7. HP: 54/63 MP: 7/7
  4687 | D:4      | Found a glowing drain.
  4691 | Sewer    | Entered a sewer
  4845 | Sewer    | Found a glowing silver altar of Zin.
  5029 | D:4      | Reached skill level 10 in Axes
  5031 | D:4      | Reached skill level 7 in Fighting
  5082 | D:4      | Reached *** piety under Beogh
  5139 | D:4      | Reached XP level 8. HP: 46/63 MP: 8/8
  5210 | D:4      | Found a runed translucent door.
  5211 | D:4      | Noticed Crazy Yiuf
  5547 | D:4      | Killed Crazy Yiuf
  5968 | D:5      | Noticed Duvessa
  5968 | D:5      | Noticed Dowan
  5979 | D:5      | Killed Duvessa
  6271 | D:5      | Killed Dowan
  6505 | D:6      | Found a staircase to the Ecumenical Temple.
  6523 | D:6      | Found a shimmering blue altar of Sif Muna.
  6538 | D:6      | Reached skill level 8 in Fighting
  6777 | D:6      | Reached XP level 9. HP: 73/82 MP: 9/9
  6794 | D:6      | Found a sparkling altar of Nemelex Xobeh.
  6921 | D:6      | Found a bloodstained altar of Trog.
  7126 | D:6      | Identified a scroll of acquirement
  7126 | D:6      | Acquired the +5 battleaxe "Hesirhes" {vorpal, Will+++}
  7225 | D:7      | Reached skill level 9 in Fighting
  7322 | D:7      | Noticed Joseph
  7332 | D:7      | Killed Joseph
  7617 | D:7      | Found a shadowy altar of Dithmenos.
  7753 | D:8      | Noticed Prince Ribbit
  7797 | D:8      | Killed Prince Ribbit
  7798 | D:8      | Reached skill level 10 in Fighting
  8078 | D:8      | Found a flagged portal.
  8084 | D:8      | Reached **** piety under Beogh
  8090 | Bailey   | Entered a bailey
  8100 | Bailey   | Reached XP level 10. HP: 93/93 MP: 10/10
  8165 | Bailey   | Reached skill level 15 in Axes
  8699 | Bailey   | Identified the +4 bardiche of Conscience {vorpal, *Corrode
                  | rF+ SInv}
  8855 | D:8      | Found a glowing golden altar of the Shining One.
  8860 | D:8      | Killed an unseen horror
  8861 | D:8      | Reached skill level 1 in Invocations
  9080 | D:8      | Reached skill level 11 in Fighting
  9308 | D:8      | Found a runed translucent door.
  9308 | D:8      | Found a runed translucent door.
  9308 | D:8      | Noticed a four-headed hydra
  9308 | D:8      | Noticed an eight-headed hydra
  9441 | D:8      | Acquired a +1 helmet of see invisible
  9458 | D:8      | HP: 4/95 [four-headed hydra (1)]
  9653 | D:8      | Killed a one-headed hydra
  9684 | D:8      | Killed a three-headed hydra
  9775 | D:8      | Noticed a tengu warrior
  9776 | D:8      | Noticed a tengu warrior
  9780 | D:8      | Noticed a white ugly thing
  9781 | D:8      | Noticed a boulder beetle
  9788 | D:8      | Killed a tengu warrior
  9789 | D:8      | Reached skill level 12 in Fighting
  9796 | D:8      | Killed a tengu warrior
  9797 | D:8      | Reached XP level 11. HP: 65/105 MP: 12/14
  9804 | D:8      | Killed a white ugly thing
  9805 | D:8      | Reached skill level 5 in Invocations
  9818 | D:8      | Killed a boulder beetle
  9858 | D:8      | Identified the +1 lajatang "Reng" {flame, Dex+2}
 10000 | D:9      | Noticed a two-headed ogre
 10005 | D:9      | Killed a two-headed ogre
 10006 | D:9      | Reached skill level 13 in Fighting
 10020 | D:9      | Found a runed translucent gate.
 10020 | D:9      | Found a runed translucent gate.
 10025 | D:9      | Found an opulent altar of Gozag.
 10026 | D:9      | Found a runed translucent gate.
 10026 | D:9      | Noticed Strat's ghost (novice FoCA)
 10026 | D:9      | Noticed a two-headed ogre
 10026 | D:9      | Noticed a cyclops
 10096 | D:9      | Gained Thorok as an ally
 10098 | D:9      | Noticed Grum
 10106 | D:9      | Killed Grum
 10315 | D:9      | Noticed Harold
 10322 | D:9      | Killed Harold
 10322 | D:9      | Reached ***** piety under Beogh
 10493 | D:9      | Noticed Erica
 10498 | D:9      | Killed Erica
 10533 | D:9      | Paralysed by a hornet for 2 turns
 10763 | D:9      | Found Pyxuezem's Superior Scales.
 10863 | D:9      | Found an iron altar of Okawaru.
 10863 | D:9      | Found a burning altar of Makhleb.
 10981 | D:10     | Entered Level 10 of the Dungeon
 11050 | D:10     | Found an ancient bone altar of Kikubaaqudgha.
 11156 | D:10     | Gained Argrim as an ally
 11160 | D:10     | Found a staircase to the Orcish Mines.
 11208 | D:10     | Found a staircase to the Lair.
 11680 | D:11     | Noticed a wizard
 11681 | D:11     | Noticed a deep elf pyromancer
 11684 | D:11     | Killed a wizard
 11685 | D:11     | Reached skill level 14 in Fighting
 11690 | D:11     | Killed a deep elf pyromancer
 11731 | D:11     | Noticed Nergalle
 11733 | D:11     | Noticed a cyclops
 11737 | D:11     | Noticed a spectral orc warlord
 11737 | D:11     | Noticed a manticore
 11740 | D:11     | Noticed a spectral orc warlord
 11744 | D:11     | Killed a manticore
 11747 | D:11     | Killed a cyclops
 11808 | D:11     | Noticed Sonja
 11815 | D:11     | Killed Sonja
 12010 | D:11     | Reached XP level 12. HP: 118/118 MP: 17/17
 12112 | D:11     | Noticed a boulder beetle
 12121 | D:11     | Killed a boulder beetle
 12122 | D:11     | Reached skill level 15 in Fighting
 12743 | Lair:1   | Entered Level 1 of the Lair of Beasts
 12750 | Lair:1   | Noticed an eight-headed hydra
 12751 | Lair:1   | Killed an eight-headed hydra
 13188 | Lair:1   | Your ally Nergalle died
 13341 | Lair:1   | Reached skill level 1 in Armour
 13893 | Lair:2   | Noticed Urug
 13901 | Lair:2   | Killed Urug
 13932 | Lair:2   | Your ally Argrim died
 13950 | Lair:2   | Gained Gorbash as an ally
 13989 | Lair:2   | Reached ****** piety under Beogh
 13997 | Lair:2   | Reached skill level 16 in Fighting
 14372 | Lair:2   | Found a runed translucent gate.
 14373 | Lair:2   | Found a runed translucent gate.
 14375 | Lair:2   | Found a runed translucent gate.
 14376 | Lair:2   | Noticed Strat's ghost (journeyman DECj)
 14855 | Lair:2   | Identified the +0 cloak "Beidyb" {rElec rCorr}
 15103 | Lair:3   | Reached skill level 10 in Invocations
 15193 | Lair:3   | Found a hole to the Spider Nest.
 15320 | Lair:3   | Noticed Josephine
 15328 | Lair:3   | Killed Josephine
 15329 | Lair:3   | Reached XP level 13. HP: 128/130 MP: 20/20
 15658 | Lair:3   | Reached skill level 5 in Armour
 15669 | Lair:3   | Reached skill level 17 in Fighting
 15726 | Lair:3   | Found a staircase to the Swamp.
 16683 | Lair:4   | Found a runed translucent gate.
 16683 | Lair:4   | Found a runed translucent gate.
 16685 | Lair:4   | Found a runed translucent gate.
 16685 | Lair:4   | Noticed Kyusiynim's ghost (journeyman GnEn)
 17159 | Lair:4   | Reached skill level 18 in Fighting
 17511 | Lair:4   | Identified the +5 quarterstaff of the Fool {protect,
                  | Stlth+}
 17903 | Lair:4   | Gained Morguth as an ally
 18273 | Lair:5   | Entered Level 5 of the Lair of Beasts
 18378 | Lair:5   | Reached XP level 14. HP: 41/144 MP: 19/23
 18529 | Lair:5   | Noticed a dire elephant
 18535 | Lair:5   | Killed a dire elephant
 18771 | Lair:5   | Reached skill level 19 in Fighting
 19105 | Lair:5   | Found a viscous altar of Jiyva.
 19108 | Lair:5   | Found a staircase to the Slime Pits.
 19131 | Lair:5   | Found a runed translucent door.
 19131 | Lair:5   | Found a shimmering altar of Xom.
 19131 | Lair:5   | Noticed Monkooky's ghost (journeyman DrVM)
 19463 | Orc:1    | Entered Level 1 of the Orcish Mines
 19573 | Orc:2    | Entered Level 2 of the Orcish Mines
 19744 | Orc:2    | Found Popsonuz's General Store.
 19749 | Orc:2    | Found Haumis's Weapon Boutique.
 19773 | Orc:2    | Gained Wulfoc as an ally
 19791 | Orc:2    | Reached skill level 10 in Armour
 19798 | Orc:2    | Found Roisamed's Jewellery Emporium.
 19885 | Orc:2    | Found Zogeippa's Book Shop.
 19888 | Orc:2    | Bought a ring of poison resistance for 200 gold pieces
 19962 | Orc:2    | Found a staircase to the Elven Halls.
 20436 | Orc:1    | Found a roughly hewn altar of Beogh.
 20767 | Orc:1    | Paralysed by a floating eye for 3 turns
 21038 | D:12     | Noticed Snorg
 21053 | D:12     | Killed Snorg
 21192 | D:12     | Noticed Maurice
 21219 | D:12     | Killed Maurice
 21277 | D:12     | Reached skill level 15 in Invocations
 21381 | D:12     | Reached skill level 20 in Fighting
 21401 | D:12     | Found a runed translucent gate.
 21401 | D:12     | Found a runed translucent gate.
 21401 | D:12     | Found a runed translucent gate.
 21424 | D:12     | Reached XP level 15. HP: 119/155 MP: 26/26
 21426 | D:12     | Noticed a tengu reaver
 21427 | D:12     | Noticed a fire giant
 21479 | D:12     | Found a runed translucent gate.
 21479 | D:12     | Found a runed translucent gate.
 21479 | D:12     | Found a runed translucent gate.
 21531 | D:12     | Gained Agrik as an ally
 21533 | D:12     | Killed a tengu reaver
 21537 | D:12     | Killed a fire giant
 21550 | D:12     | Identified the +5 morningstar of Sigap {flame, +Blink rN++
                  | Will+ Dex-4}
 21567 | D:12     | Identified the +6 ring mail of Tenacity {rC+ Will++ Str-4}
 21655 | D:12     | Gained Boghold as an ally
 21958 | D:13     | Found a glowing silver altar of Zin.
 22106 | D:13     | Identified the +3 leather armour of Jobemiz {rF+ rC+
                  | Slay+2}
 22211 | D:13     | Noticed Lodul
 22216 | D:13     | Gained Learuk as an ally
 22218 | D:13     | Your ally Learuk died
 22223 | D:13     | Killed Lodul
 23093 | D:14     | Noticed Rupert
 23106 | D:14     | Killed Rupert
 23281 | D:14     | Identified the +6 trident of Keeping Quick Death {flame,
                  | rC+ Str+4}
 23347 | D:14     | Identified the ring of the Moon {Will+ Str-3 Dex+8}
 23349 | D:14     | Your ally Boghold died
 23546 | D:14     | Identified the +0 scale mail of Inevitability {Int+3}
 23646 | D:14     | Found an ancient bone altar of Kikubaaqudgha.
 23950 | D:14     | Gained Morguth as an ally
 23977 | D:14     | Identified the +4 pair of gloves "Lacem" {Harm Fly rF-
                  | Will+}
 24196 | D:14     | Found a gate to the Vaults.
 24361 | D:15     | Entered Level 15 of the Dungeon
 24393 | D:15     | Reached skill level 21 in Fighting
 24401 | D:15     | Gained Marbaugh as an ally
 24409 | D:15     | Your ally Marbaugh died
 24757 | Swamp:1  | Entered Level 1 of the Swamp
 24763 | Swamp:1  | Your ally Morguth died
 24838 | Swamp:1  | Reached XP level 16. HP: 52/167 MP: 26/28
 25113 | Swamp:1  | Noticed Frances
 25125 | Swamp:1  | Killed Frances
 25485 | Swamp:2  | Found a one-way gate to the infinite horrors of the Abyss.
 25542 | Swamp:2  | Noticed Roxanne
 25666 | Swamp:2  | Noticed a fenstrider witch
 25676 | Swamp:2  | Killed a fenstrider witch
 25930 | Swamp:2  | Found a corrupted altar of Lugonu.
 26321 | Swamp:3  | Noticed a thorn hunter
 26325 | Swamp:3  | Killed a thorn hunter
 26328 | Swamp:3  | Noticed Kirke
 26337 | Swamp:3  | Killed Kirke
 26408 | Swamp:3  | Identified the +2 hand crossbow of Epex {flame, +Blink
                  | Str+4 SInv}
 26678 | Swamp:3  | Acquired the +8 Wrath of Trog {antimagic, *Rage Rampage}
 26678 | Swamp:3  | Found the +8 Wrath of Trog {antimagic, *Rage Rampage}
 26905 | Swamp:3  | Reached skill level 22 in Fighting
 27125 | Swamp:4  | Entered Level 4 of the Swamp
 27159 | Swamp:4  | Gained Gorbash as an ally
 27488 | Swamp:4  | Reached XP level 17. HP: 165/176 MP: 24/30
 27524 | Swamp:4  | Your ally Wulfoc died
 27686 | Swamp:4  | Got a decaying rune of Zot
 27959 | Swamp:4  | Acquired the ring "Mame" {rC+ Slay+6}
 28087 | Spider:1 | Entered Level 1 of the Spider Nest
 28311 | Spider:1 | Reached skill level 15 in Armour
 28401 | Spider:1 | Noticed Azrael
 28409 | Spider:1 | Killed Azrael
 29465 | Spider:3 | Reached skill level 23 in Fighting
 29667 | Spider:4 | Entered Level 4 of the Spider Nest
 29679 | Spider:4 | Slain by Gorbash the orc knight

Illustrated notes

Levels and vault maps discovered:
D:1:      elethiomel_arrival_infinity_welcomes_careful_drivers, layout_basic
D:2:      layout_loops_ring, nicolae_ecumenical_lake_church, basic_altar,
          serial_shops, shop, corexii_item_surrounded_by_moat,
          kennysheep_pointless_box
D:3:      layout_basic, item_on_display_a, uniq_terence
D:4:      layout_loops_ring, gup_sewer_entry_bowl, uniq_crazy_yiuf_cottage
D:5:      black_bear_nest_1, layout_basic, uniq_duvessa
D:6:      layout_rooms, led_sif_book, marbit_many_paths, nemelex_altar_shiori,
          minmay_temple_entry_trees
D:7:      layout_rooms, lemuel_round_altar, serial_rivers,
          chequers_serial_rivers_micro_c, chequers_serial_rivers_micro_c,
          chequers_serial_rivers_room_b, chequers_serial_rivers_micro_a,
          chequers_serial_rivers_micro_c, uniq_joseph
D:8:      minmay_the_grid_triangle_9x9_rhombus_full
          [minmay_the_grid_triangle_9x9_zippers_horizontal,
          minmay_the_grid_triangle_9x9_tough_junction,
          minmay_the_grid_triangle_9x9_limited_checkers,
          minmay_the_grid_triangle_9x9_swiss_cheese,
          minmay_the_grid_triangle_9x9_zippers_vertical,
          minmay_the_grid_triangle_9x9_odd_lines,
          minmay_the_grid_triangle_9x9_pentomino_pain,
          minmay_the_grid_triangle_9x9_prize_insulated], layout_loops_ring,
          mainiacjoe_overflow_catwalk, enter_bailey_7,
          hangedman_abyss_or_decor_clamps, uniq_prince_ribbit1
D:9:      layout_loops_ring, nicolae_overflow_two_pavilions,
          ebering_ghost_gozag, hellmonk_scale_shop, uniq_erica, uniq_grum,
          uniq_harold
D:10:     layout_gridville, tgw_kikubaaqudgha, lair_entry_dummy, david_orc_2,
          serial_park_tiny_2, hangedman_abyss_or_decor_stagger
D:11:     layout_irregular_city, minmay_checkerbox, uniq_nergalle, uniq_sonja
D:12:     kennysheep_treasure_stockpile, layout_irregular_city, uniq_snorg,
          uniq_maurice
D:13:     layout_basic, hangedman_glass_teeth, zin_treasury, uniq_lodul
D:14:     layout_basic, david_vaults_5, kennysheep_doodads,
          nicolae_kikubaaqudgha_miasma_corner, uniq_rupert
D:15:     gammafunk_depths_entry_grave, layout_cave_pools, minmay_hedge_maze,
          serial_demonic, serial_demonic_d, serial_demonic_d, serial_demonic_e,
          serial_demonic_f, roderic_roman_lattice, uniq_nessos
Lair:1:   layout_regular_city, small_statue_intersection
Lair:2:   layout_small_grid, special_room [special_room_bee],
          gammafunk_ghost_necromancy, lemuel_fruit_fields, grunt_megastairs_1,
          uniq_urug
Lair:3:   layout_loops_ring, palyth_hydra_swamp_entry,
          hellmonk_spider_entry_not_the_bees, worms_lemuel, lemuel_fruit_tree,
          serial_bayou_shore_b, serial_bayou_shore_b, uniq_josephine
Lair:4:   nzn_winding_woodlands_medium [nzn_winding_woodlands_5x5_default,
          nzn_winding_woodlands_5x15_sawtooth,
          nzn_winding_woodlands_5x5_closed_star,
          nzn_winding_woodlands_5x5_open_star,
          nzn_winding_woodlands_center_pierced_h,
          nzn_winding_woodlands_5x5_default,
          nzn_winding_woodlands_5x5_checkerboard,
          nzn_winding_woodlands_5x15_crooked,
          nzn_winding_woodlands_5x5_perimeter], layout_layer_cave,
          gammafunk_ghost_hydra_chop, wad_woods_road_05
Lair:5:   gammafunk_lair_ancient_temple, layout_loops_ring, slime_entry_1,
          ebering_ghost_xom, nicolae_lair_lindhole
Swamp:1:  layout_basic_swamp, evilmike_swamp_ruin_house_4, uniq_frances
Swamp:2:  layout_basic_swamp, serial_swamp_ruin, evilmike_swamp_ruin_house_5,
          evilmike_swamp_ruin_house_2, amcnicky_altar_lugonu_corruption,
          uniq_roxanne
Swamp:3:  layout_basic_swamp, evilmike_swamp_ruin_house_3,
          infiniplex_staircase_pool_2, uniq_kirke
Swamp:4:  swamp_basic_johnstein, layout_basic_swamp, swamp_pool4,
          infiniplex_staircase_pool
Spider:1: layout_spider_delve, uniq_azrael
Spider:2: layout_spider_delve
Spider:3: layout_spider_delve
Spider:4: grunt_spider_rune_circles
Orc:1:    hellmonk_paralyzer, layout_caves, basic_altar
Orc:2:    st_orc_open, layout_caves

Skill      XL: |  1  2  3  4  5  6  7  8  9 10 11 12 13 14 15 16 17 |
---------------+----------------------------------------------------+-----
Fighting       | 4 5 6 7 8 10 12 14 16 18 20 21 22 23 | 23.0
Axes           | 5 6 7 8 10 12 14 17 18 20 | 20.0
Invocations    | 4 7 10 13 15 17 19 20 | 20.0
Armour         | 4 8 10 12 14 15 | 15.7
Dodging        | |  2.4
Stealth        | |  1.5

Action                   |  1- 3 |  4- 6 |  7- 9 | 10-12 | 13-15 | 16-18 || total
-------------------------+-------+-------+-------+-------+-------+-------++-------
Melee: Hand axe          |   137 |    88 |    54 |    27 |    15 |       ||   321
       Punch             |     2 |       |     3 |       |       |       ||     5
       War axe           |       |       |   159 |       |       |       ||   159
       Battleaxe         |       |       |    54 |   322 |   461 |   364 ||  1201
Throw: Javelin           |       |       |       |     4 |       |       ||     4
Invok: Convert to Beogh  |     1 |       |       |       |       |       ||     1
       Smiting           |       |       |       |     6 |    18 |    15 ||    39
       Recall Orcish Fol |       |       |       |     8 |    25 |    18 ||    51
       Give Item to Name |       |       |       |     1 |     5 |     1 ||     7
  Use: Scroll            |     6 |     2 |     9 |     6 |     1 |     3 ||    27
       Potion            |     1 |       |     2 |     4 |     4 |     3 ||    14
 Stab: Sleeping          |     3 |       |     2 |       |       |       ||     5
       Distracted        |       |       |       |     4 |     4 |     2 ||    10
Armor: Robe              |    13 |       |       |       |       |       ||    13
       Scale mail        |    16 |    33 |       |       |       |       ||    49
       Ring mail         |     9 |     1 |   115 |    89 |   100 |   269 ||   583
       Leather armour    |       |       |       |    39 |    80 |       ||   119
       Plate armour      |       |       |       |       |    88 |       ||    88
Dodge: Dodged            |    86 |    31 |   149 |   212 |   243 |   187 ||   908
Block: Other             |       |       |    16 |    72 |       |       ||    88
